 Dungeon Crawl Stone Soup version 0.29.1-12-g30fa7ad0bf (webtiles) character file.

Game seed: 14205633122353260780

4462 wormed the Basher (level 10, -1/88 HPs)
             Began as a Minotaur Gladiator on Dec 22, 2022.
             Slain by Joseph
             ... wielding a +0 quarterstaff
              (19 damage)
             ... on level 7 of the Dungeon.
             The game lasted 00:11:32 (5748 turns).

wormed the Basher (Minotaur Gladiator)              Turns: 5748, Time: 00:11:32

Health: -1/88      AC: 18    Str: 23    XL:     10   Next: 15%
Magic:  9/9        EV:  9    Int:  5    God:
Gold:   492        SH:  0    Dex: 12    Spells: 9/9 levels left

rFire   . . .      SeeInvis .   A - +0 whip (venom)
rCold   . . .      Faith    .   (no shield)
rNeg    . . .      Spirit   .   r - +0 plate armour
rPois   .          Reflect  .   c - +0 hat
rElec   .          Harm     .   J - +0 cloak
rCorr   .          Rampage  .   (no gloves)
Will    +....                   (no boots)
Stlth   ..........              q - amulet of regeneration
HPRegen 1.04/turn               i - +4 ring of protection
MPRegen 0.11/turn               K - ring of willpower

@: no status effects
A: horns 2, retaliatory headbutt
a: no special abilities


You were on level 7 of the Dungeon.
You visited 1 branch of the dungeon, and saw 7 of its levels.
You also visited: Sewer.

You collected 492 gold pieces.

Inventory:

Hand Weapons
 p - a +3 whip
 A - a +0 whip of venom (weapon)
Missiles
 d - 3 throwing nets
 e - 7 javelins (quivered)
Armour
 c - a +0 hat (worn)
 r - a +0 plate armour (worn)
 J - a +0 cloak (worn)
Jewellery
 i - a +4 ring of protection (left hand)
 q - an amulet of regeneration (around neck)
 K - a ring of willpower (right hand)
 L - an amulet of the acrobat
Wands
 C - a wand of digging (2)
 D - a wand of iceblast (1)
 E - a wand of flame (13)
Scrolls
 b - a scroll of fear
 f - a scroll of immolation {unknown}
 k - 2 scrolls of enchant weapon
 s - a scroll of silence {unknown}
 u - a scroll of fog {unknown}
 y - a scroll of blinking {unknown}
 z - 2 scrolls of magic mapping {unknown}
 B - a scroll of teleportation {unknown}
 F - a scroll of torment {unknown}
 H - 2 scrolls of poison {unknown}
Potions
 a - 2 potions of invisibility
 g - 5 potions of curing
 h - 4 potions of lignification
 j - 2 potions of might
 l - 2 potions of mutation
 m - a potion of cancellation
 n - a potion of attraction {unknown}
 o - a potion of heal wounds
 t - 2 potions of haste
 v - a potion of brilliance {unknown}
 w - a potion of magic {unknown}
 x - 3 potions of ambrosia
 G - a potion of flight {unknown}
 I - a potion of degeneration {unknown}


   Skills:
 + Level 7.7 Fighting
 * Level 11.0 Maces & Flails
 - Level 2.0 Throwing
 + Level 7.0 Armour
 + Level 7.4 Dodging
 + Level 6.9 Shields


You had 9 spell levels left.
You didn't know any spells.
Your spell library contained the following spells:

 Spells                   Type           Power      Damage    Failure   Level
 Summon Small Mammal      Summ           0%         N/A       100%        1
 Ensorcelled Hibernation  Hex/Ice        0%         N/A       100%        2
 Passwall                 Tmut/Erth      0%         N/A       100%        2
 Call Canine Familiar     Summ           0%         N/A       100%        3
 Inner Flame              Hex/Fire       0%         N/A       100%        3
 Summon Guardian Golem    Hex/Summ       0%         N/A       100%        3
 Swiftness                Air            0%         N/A       100%        3
 Cause Fear               Hex            0%         N/A       100%        4
 Corpse Rot               Necr/Pois/Air  0%         N/A       100%        4
 Dispel Undead            Necr           0%         3d6       100%        4
 Death Channel            Necr           0%         N/A       100%        6
 Discord                  Hex            0%         N/A       100%        8


Dungeon Overview and Level Annotations

Branches:
Dungeon (7/15)             Temple (0/1) D:7           Sewer (visited)

Altars:
Ashenzari
Kikubaaqudgha
Qazlal
Ru
Trog
Uskayaw
Xom
The Shining One

Shops:
D:3 ((

Annotations:
D:7 Joseph


Innate Abilities, Weirdness & Mutations

You have a pair of horns on your head.
You reflexively headbutt those who attack you in melee.


Message History

Joseph is heavily wounded.
Joseph hits you with a +0 quarterstaff.
You barely miss Joseph.
Joseph is heavily wounded.
Joseph hits you but does no damage.
You closely miss Joseph.
Joseph is heavily wounded.
You hit Joseph but do no damage.
Joseph looks as sick as possible!
Joseph is heavily wounded.
You hear the loud creaking of a distant portcullis.
Joseph hits you with a +0 quarterstaff.
You hit Joseph but do no damage. You headbutt Joseph!
Joseph is severely wounded.
Joseph hits you with a +0 quarterstaff!
You completely miss Joseph.
Joseph is severely wounded.
Joseph hits you with a +0 quarterstaff!
You closely miss Joseph.
Joseph is severely wounded.
Joseph hits you with a +0 quarterstaff!
You are too injured to fight recklessly!
You are too injured to fight recklessly!
You are too injured to fight recklessly!
You are too injured to fight recklessly!
You are too injured to fight recklessly!
You are too injured to fight recklessly!
You are too injured to fight recklessly!
You are too injured to fight recklessly!
You are too injured to fight recklessly!
You are too injured to fight recklessly!
You are too injured to fight recklessly!
You are too injured to fight recklessly!
You are too injured to fight recklessly!
You are too injured to fight recklessly!
You feel better. Joseph hits you with a +0 quarterstaff!
* * * LOW HITPOINT WARNING * * *
You feel better. Joseph hits you with a +0 quarterstaff!
* * * LOW HITPOINT WARNING * * *
Joseph hits you with a +0 quarterstaff!!
You die...

#.# #.# #.#
#.# # #.#
#.###########
# #.#
#...........#
# #.#
############.#
# #.# #...#
#.# # #.#
#.#.# #.# #
#.########.#.#
#.# #
#.##.......#@#
####.#######
##
#.##.#######@#
#.........(.
.# #.##.# #!#
#.##.#######
.####.##.# #.#
#.##.#
.........####
#.# #.##.#
....(.......#
#.# #.##.#
.##.#.#####.#
#.#####.##.#
......# #.#
#..........#
.##.#######.#
#######.####


You could see Joseph (berserk, extremely poisoned).

Vanquished Creatures
  Pikel (D:5)
  Maggie (D:6)
  Grinder (D:6)
  6 yaks (D:6)
  Eustachio (D:6)
  Menkaure (D:7)
  3 water moccasins (D:7)
  2 black bears (D:6)
  A sky beast (D:7)
  A lemure (D:5)
  A phantom (D:6)
  5 kobold brigands
  4 bullfrogs
  A necrophage (D:5)
  2 scorpions
  5 jellies
  2 orc priests
  Crazy Yiuf (D:6)
  2 gnoll boudas (D:6)
  3 hounds
  4 orc wizards (D:5)
  4 iguanas
  17 adders
  13 gnolls
  A river rat (Sewer)
  3 shadow imps
  2 worms (Sewer)
  3 dart slugs
  17 orcs
  6 endoplasms
  4 giant cockroaches
  12 goblins
  3 hobgoblins (D:4)
  2 jackals (D:3)
  3 quokkas (D:1)
  11 ball pythons
  5 bats
  3 frilled lizards
  23 kobolds
  11 rats
191 creatures vanquished.

Notes
Turn   | Place    | Note
-------+----------+-------------------------------------------
     0 | D:1      | wormed the Minotaur Gladiator began the quest for the Orb.
     0 | D:1      | Reached XP level 1. HP: 18/18 MP: 0/0
   275 | D:1      | Reached XP level 2. HP: 25/25 MP: 1/1
   344 | D:1      | Reached skill level 1 in Armour
   347 | D:1      | Reached skill level 4 in Maces & Flails
   452 | D:1      | Found a faded altar of an unknown god.
   495 | D:1      | Reached skill level 1 in Shields
   495 | D:1      | Reached XP level 3. HP: 30/30 MP: 2/2
   989 | D:2      | Found a stormy altar of Qazlal.
  1201 | D:2      | Reached XP level 4. HP: 34/38 MP: 3/3
  1519 | D:2      | You fall into a shaft and drop 1 floor!
  1521 | D:3      | Found Cunudac's Weapon Emporium.
  2082 | D:3      | Reached skill level 5 in Maces & Flails
  2143 | D:3      | Found Mieseh's Antique Weapon Boutique.
  2340 | D:4      | Reached XP level 5. HP: 45/45 MP: 4/4
  2387 | D:4      | Found a glowing golden altar of the Shining One.
  2388 | D:4      | Found a broken altar of Ashenzari.
  2389 | D:4      | Found an ancient bone altar of Kikubaaqudgha.
  2389 | D:4      | Found a hide-covered altar of Uskayaw.
  2391 | D:4      | Found a sacrificial altar of Ru.
  2391 | D:4      | Found a bloodstained altar of Trog.
  2392 | D:4      | Found a shimmering altar of Xom.
  2436 | D:4      | Found a glowing drain.
  2444 | Sewer    | Entered a sewer
  2605 | Sewer    | Reached XP level 6. HP: 37/52 MP: 5/5
  2686 | Sewer    | Reached skill level 6 in Maces & Flails
  3025 | D:4      | Reached XP level 7. HP: 58/59 MP: 6/6
  3447 | D:5      | Entered Level 5 of the Dungeon
  3497 | D:5      | Reached skill level 7 in Maces & Flails
  3534 | D:5      | Reached skill level 5 in Dodging
  3653 | D:5      | Noticed Pikel
  3690 | D:5      | Killed Pikel
  3691 | D:5      | Reached skill level 5 in Fighting
  3691 | D:5      | Reached skill level 8 in Maces & Flails
  3691 | D:5      | Reached XP level 8. HP: 33/69 MP: 7/7
  3940 | D:5      | Reached skill level 5 in Armour
  4198 | D:6      | Reached skill level 5 in Shields
  4280 | D:6      | Noticed Grinder
  4283 | D:6      | Noticed Maggie
  4308 | D:6      | Reached skill level 9 in Maces & Flails
  4308 | D:6      | Reached XP level 9. HP: 62/75 MP: 8/8
  4338 | D:6      | Identified the +8 broad axe "Grim" {freeze, rC++ Will+}
  4395 | D:6      | Noticed Eustachio
  4408 | D:6      | Killed Eustachio
  4591 | D:6      | Paralysed by Grinder for 3 turns
  4595 | D:6      | Killed Grinder
  4613 | D:6      | Reached skill level 10 in Maces & Flails
  4635 | D:6      | Killed Maggie
  5027 | D:6      | Found a runed translucent door.
  5028 | D:6      | Noticed Crazy Yiuf
  5160 | D:6      | Killed Crazy Yiuf
  5195 | D:7      | Noticed Menkaure
  5217 | D:7      | Killed Menkaure
  5218 | D:7      | Reached XP level 10. HP: 44/86 MP: 9/9
  5619 | D:7      | Reached skill level 11 in Maces & Flails
  5650 | D:7      | Found a staircase to the Ecumenical Temple.
  5727 | D:7      | Noticed Joseph
  5748 | D:7      | Slain by Joseph

Illustrated notes

Levels and vault maps discovered:
D:1:      lightli_arrival_noodles, layout_rooms,
          hellmonk_ecumenical_altar_crossroads
D:2:      layout_loops_corners, basic_altar
D:3:      layout_rooms, serial_shops, shop_coins,
          nicolae_shop_bloodbath_and_beyond
D:4:      layout_loops_ring, grunt_temple_overflow_open,
          cheibrodos_sewer_entry_sluice
D:5:      layout_cave_pools, hex_tiny, corexii_mini_fake_secret_closet,
          uniq_pikel
D:6:      minmay_inner_zag, layout_basic, corexii_hall_statues_x, uniq_maggie,
          uniq_crazy_yiuf_cottage, uniq_eustachio, uniq_grinder
D:7:      layout_loops_ring, minmay_temple_entry_junction, enter_bailey_2,
          uniq_menkaure, uniq_joseph

Skill      XL: |  1  2  3  4  5  6  7  8  9 10 |
---------------+-------------------------------+-----
Armour         | 1 2 3 4 5 6 7 |  7.0
Maces & Flails | 4 5 6 8 9 10 11 | 11.0
Shields        | 1 2 3 4 5 6 |  6.9
Fighting       | 3 4 5 6 7 |  7.7
Dodging        | 4 5 6 7 |  7.4
Throwing       | |  2.0

Action                   |  1- 3 |  4- 6 |  7- 9 | 10-12 || total
-------------------------+-------+-------+-------+-------++-------
Melee: Flail             |    58 |       |       |       ||    58
       Headbutt          |     8 |    27 |    90 |    17 ||   142
       Whip              |     4 |   203 |   350 |    68 ||   625
       Punch             |       |       |     3 |     1 ||     4
  Use: Scroll            |       |     2 |     8 |       ||    10
       Potion            |       |       |     2 |     2 ||     4
Armor: Leather armour    |    18 |    14 |       |       ||    32
       Plate armour      |       |    92 |   171 |    36 ||   299
Dodge: Dodged            |    52 |    67 |   104 |    20 ||   243
